 Dungeon Crawl Stone Soup version 0.25.0-46-gbd7b0854d2 (webtiles) character file.

Game seed: 8077392008533069114

94425 Curus the Warrior (level 15, -7/152 HPs)
             Began as a Minotaur Gladiator on July 14, 2020.
             Was the Champion of Okawaru.
             Mangled by a skeletal warrior
             ... wielding a +0 halberd
             ... led by a skeletal warrior
              (12 damage)
             ... on level 15 of the Dungeon on July 15, 2020.
             The game lasted 02:53:06 (25908 turns).

Curus the Warrior (Minotaur Gladiator)             Turns: 25908, Time: 02:53:07

Health: -7/152     AC: 10    Str: 22    XL:     15   Next: 63%
Magic:  13/19      EV: 37    Int:  3    God:    Okawaru [******]
Gold:   1091       SH:  0    Dex: 23    Spells: 14/14 levels left

rFire    + + .     SeeInvis +   L - +4 lajatang (freeze)
rCold    . . .     Gourm    .   (shield currently unavailable)
rNeg     . . .     Faith    .   Z - +1 leather armour {MR+}
rPois    .         Spirit   .   c - +0 hat
rElec    .         Reflect  .   Q - +0 cloak {rCorr}
rCorr    +         Harm     .   n - +1 pair of gloves
MR       ++...                  q - +1 pair of boots
Stlth    +++.......             x - amulet of regeneration
HPRegen  0.75/turn              s - +6 ring of dexterity
MPRegen  0.16/turn              y - ring of Dithmenos's Esteem {rF+ EV+4 Str+4 Int-4 SInv}

@: heroism, finesse, studying 2 skills
A: retaliatory headbutt, hooves 1, horns 2, fire resistance 1, wild magic 1
a: Heroism, Finesse, Renounce Religion


You were on level 15 of the Dungeon.
You worshipped Okawaru.
Okawaru was exalted by your worship.
You were hungry.

You visited 4 branches of the dungeon, and saw 24 of its levels.
You also visited: Bailey and Ice Cave.

You collected 2323 gold pieces.
You spent 1232 gold pieces at shops.

Inventory:

Hand Weapons
 L - a +4 lajatang of freezing (weapon)
Missiles
 d - 5 throwing nets (quivered)
Armour
 c - a +0 hat (worn)
 n - a +1 pair of gloves (worn)
 o - a +0 troll leather armour
 q - a +1 pair of boots (worn)
 w - a +3 ring mail of cold resistance
 C - a +2 ring mail of fire resistance
 Q - a +0 cloak of preservation (worn)
 U - a scarf of resistance
 Z - a +1 leather armour of magic resistance (worn)
Jewellery
 b - an uncursed ring of resist corrosion
 s - a +6 ring of dexterity (left hand)
 x - an amulet of regeneration (around neck)
 y - the ring of Dithmenos's Esteem (right hand) {rF+ EV+4 Str+4 Int-4 SInv}
   (You found it on level 15 of the Dungeon)

   [ring of evasion]

   It affects your evasion (+4).
   It affects your strength (+4).
   It affects your intelligence (-4).
   It protects you from fire.
   It lets you see invisible.
 I - an uncursed ring of protection from fire
 M - an uncursed ring of protection from fire
 S - an uncursed amulet of guardian spirit
 V - an uncursed ring of positive energy
Wands
 h - a wand of paralysis (13)
 u - a wand of acid (4)
 z - a wand of clouds (8)
 E - a wand of disintegration (19)
 G - a wand of enslavement (16)
 H - a wand of digging (5)
 O - a wand of iceblast (36)
 P - a wand of polymorph (29)
Scrolls
 e - 13 scrolls of teleportation
 j - 25 scrolls of identify
 k - 4 scrolls of magic mapping
 l - 15 scrolls of remove curse
 p - 2 scrolls of enchant weapon
 t - 5 scrolls of fear
 X - 3 scrolls of fog
 Y - 2 scrolls of blinking
Potions
 g - 10 potions of curing
 i - 5 potions of heal wounds
 m - 3 potions of brilliance
 r - 3 potions of haste
 A - 2 potions of ambrosia
 F - 5 potions of flight
 J - 6 potions of magic
 K - a potion of resistance
 R - 3 potions of stabbing
 T - 4 potions of might
 W - 2 potions of berserk rage
Books
 a - a manual of Staves
 v - a manual of Shields
Miscellaneous
 D - a box of beasts
Comestibles
 f - 40 rations


   Skills:
 + Level 19.0(24.0) Fighting
 - Level 14.0(19.0) Staves
 - Level 2.0(7.0) Throwing
 + Level 17.8(22.8) Dodging
 - Level 6.8 Invocations
 - Level 6.1 Evocations


You had 14 spell levels left.
You didn't know any spells.
Your spell library contained the following spells:

 Spells                   Type           Power        Failure   Level  Hunger
 Animate Skeleton         Necr           N/A          65%         1    ##.....
 Magic Dart               Conj           #...         65%         1    ##.....
 Pain                     Necr           #...         65%         1    ##.....
 Sandblast                Erth           #.....       65%         1    ##.....
 Shock                    Conj/Air       #...         65%         1    ##.....
 Sting                    Tmut/Pois      #...         65%         1    ##.....
 Blink                    Tloc           N/A          78%         2    ###....
 Passwall                 Tmut/Erth      #.......     78%         2    ###....
 Poisonous Vapours        Pois/Air       #.....       78%         2    ###....
 Searing Ray              Conj           #.....       78%         2    ###....
 Shroud of Golubria       Chrm/Tloc      #.....       78%         2    ###....
 Sublimation of Blood     Necr           #.........   78%         2    ###....
 Swiftness                Chrm/Air       #.......     78%         2    ###....
 Confusing Touch          Hex            #.......     95%         3    ####...
 Dazzling Flash           Conj/Hex       #.....       95%         3    ####...
 Gell's Gravitas          Tloc           #.........   95%         3    ####...
 Ignite Poison            Fire/Tmut/Pois #.......     95%         3    ####...
 Lesser Beckoning         Tloc           #.........   95%         3    ####...
 Mephitic Cloud           Conj/Pois/Air  #.......     95%         3    ####...
 Portal Projectile        Hex/Tloc       #.....       95%         3    ####...
 Static Discharge         Conj/Air       #.......     95%         3    ####...
 Stone Arrow              Conj/Erth      #.....       95%         3    ####...
 Teleport Other           Tloc           #.......     95%         3    ####...
 Vampiric Draining        Necr           #.........   95%         3    ####...
 Airstrike                Air            #.........   100%        4    #####..
 Animate Dead             Necr           N/A          100%        4    #####..
 Fulminant Prism          Conj/Hex       #.........   100%        4    #####..
 Iskenderun's Mystic Bla  Conj/Tloc      #.......     100%        4    #####..
 Olgreb's Toxic Radiance  Pois           #.......     100%        4    #####..
 Passage of Golubria      Tloc           N/A          100%        4    #####..
 Petrify                  Tmut/Erth      #.......     100%        4    #####..
 Agony                    Necr           #.......     100%        5    ######.
 Lee's Rapid Deconstruct  Erth           #.........   100%        5    ######.
 Lightning Bolt           Conj/Air       #.........   100%        5    ######.
 Metabolic Englaciation   Hex/Ice        #.........   100%        5    ######.
 Yara's Violent Unravell  Hex/Tmut       #.........   100%        5    ######.
 Dispersal                Tloc           #.........   100%        6    #######
 Eringya's Noxious Bog    Tmut/Pois      #.........   100%        6    #######
 Controlled Blink         Tloc           N/A          100%        8    #######
 Disjunction              Tloc           #.........   100%        8    #######


Dungeon Overview and Level Annotations

Branches:
Dungeon (15/15)            Temple (1/1) D:6            Lair (6/6) D:9
  Swamp (0/4) Lair:3       Spider (0/4) Lair:2        Slime (0/5) Lair:6
    Orc (2/2) D:9             Elf (0/3) Orc:2        Vaults (0/5) D:14
 Bailey (visited)           IceCv (visited)
 Depths: D:15

Altars:
Ashenzari
Cheibriados
Dithmenos
Elyvilon
Fedhas
Gozag
Hepliaklqana
Kikubaaqudgha
Makhleb
Okawaru
Qazlal
Ru
Sif Muna
Trog
Uskayaw
Vehumet
Wu Jian
Xom
Zin
The Shining One
Beogh

Shops:
D:8 *   D:10 [   D:11 [   D:12 (   Orc:1 }[(:   Orc:2 *(***!


Innate Abilities, Weirdness & Mutations

You reflexively headbutt those who attack you in melee.
You have a pair of horns on your head.
You have large cloven feet.
Your flesh is heat resistant. (rF+)
Your spells are a little harder to cast, but a little more powerful.


Message History

The skeletal warrior hits you with a +0 short sword.
* * * LOW HITPOINT WARNING * * *
You hit the skeletal warrior. You freeze the skeletal warrior.
The skeletal warrior is almost destroyed.
You closely miss the skeletal warrior. You headbutt the skeletal warrior!
The skeletal warrior is almost destroyed.
The skeletal warrior misses you. You furiously retaliate!
You headbutt the skeletal warrior, but do no damage.
The skeletal warrior hits you from afar with a +0 halberd.
* * * LOW HITPOINT WARNING * * *
The skeletal warrior completely misses you.
You furiously retaliate!
You headbutt the skeletal warrior.
You can now deal lightning-fast blows.
The skeletal warrior closely misses you.
You furiously retaliate!
You headbutt the skeletal warrior, but do no damage.
The skeletal warrior hits you with a +0 short sword!
* * * LOW HITPOINT WARNING * * *
The skeletal warrior hits you from afar with a +0 halberd!
You die...

##.#........
##...........
#............
####...##......#
#....#.##.....##
##....#........##
#..#.#...........
##z.###..#........
#@z.# ##.#........
##).# <..... .
#.z## ##...
#...#.#....
#.†.......!
##.†.......
.!....?./..
#............
#............


You could see 3 skeletal warriors.

Vanquished Creatures
  Kirke (Lair:4)
  An orc warlord (Orc:1)
  The ghost of Memnif the Blocker, a journeyman GnFi of Okawaru (Lair:5)
  2 entropy weavers
  The ghost of Qoypruj the Cruncher, a journeyman MiGl of the Shining One (Lair:5)
  3 fire dragons
  6 hydras
  5 centaur warriors
  4 two-headed ogres
  2 ogre magi
  A queen ant (Lair:5)
  6 death yaks
  5 orc high priests
  Nergalle (Lair:2)
  An iron troll (D:14)
  A skeletal warrior (D:15)
  3 unseen horrors
  2 lindwurms (Lair:6)
  Pikel (D:4)
  An orc knight (Bailey)
  16 ugly things
  2 deep elf magi
  3 orc sorcerers
  3 cyclopes
  3 molten gargoyles (Lair:6)
  A torpor snail (Lair:6)
  10 spiny frogs
  2 ice statues (IceCv)
  5 black mambas
  2 gargoyles (D:12)
  A freezing wraith (D:14)
  Maggie (D:7)
  8 komodo dragons
  9 rime drakes
  7 trolls
  A queen bee (Lair:2)
  A queen bee (shapeshifter) (D:13)
  11 slime creatures
  4 tyrant leeches (Lair:3)
  A hornet (D:10)
  20 blink frogs
  9 hippogriffs
  6 dream sheep (Lair:6)
  A vampire (D:11)
  5 wyverns
  A shadow (D:14)
  A wraith (D:14)
  33 yaks
  7 basilisks
  5 hungry ghosts
  A hog (Lair:4)
  9 steam dragons
  5 wargs
  16 soldier ants
  4 hell hounds (Lair:6)
  10 water moccasins
  17 orc warriors
  13 porcupines
  16 ice beasts
  4 phantoms
  5 sky beasts
  A black bear (D:6)
  3 necrophages
  A hornet zombie (D:8)
  10 centaurs
  10 ogres
  12 wolves
  5 crocodiles
  3 big kobolds
  A gnoll sergeant (D:11)
  15 bullfrogs
  A wyvern skeleton (D:12)
  6 scorpions
  18 killer bees
  3 vampire bats (Lair:1)
  5 wights (D:14)
  A howler monkey (D:7)
  2 electric eels
  10 crimson imps
  5 lava snakes (Lair:6)
  4 centaur zombies
  2 bullfrog zombies
  6 jellies
  13 hounds
  4 bullfrog skeletons
  29 orc priests
  32 orc wizards
  8 centaur skeletons
  Jessica (D:3)
  4 iguanas
  Natasha (D:4)
  27 worker ants
  A hound zombie (D:7)
  A hound skeleton (D:7)
  2 worker ant zombies
  Robin (D:4)
  24 gnolls
  3 howler monkey skeletons
  12 adders
  2 shadow imps
  2 adder skeletons (D:4)
  An adder zombie (D:5)
  4 worms
  A dart slug (D:3)
  2 leopard geckos
  92 orcs
  4 ball pythons
  8 giant cockroaches
  18 hobgoblins
  11 jackals
  37 kobolds
  5 quokkas
  18 bats
  5 frilled lizards
  20 goblins
  A leopard gecko skeleton (D:5)
  5 rats
850 creatures vanquished.

Vanquished Creatures (others)
  A basilisk (Lair:3)
  A porcupine (Lair:3)
  3 slaves (D:4)
  2 goblins (D:4)
  A hobgoblin (D:4)
  7 fungi
  5 plants (Lair:6)
  6 withered plants (Lair:5)
26 creatures vanquished.

Grand Total: 876 creatures vanquished

Notes
Turn   | Place    | Note
-------+----------+-------------------------------------------
     0 | D:1      | Curus the Minotaur Gladiator began the quest for the Orb.
     0 | D:1      | Reached XP level 1. HP: 18/18 MP: 0/0
   152 | D:1      | Reached XP level 2. HP: 25/25 MP: 1/1
   440 | D:1      | Reached skill level 5 in Staves
   444 | D:1      | Reached XP level 3. HP: 30/30 MP: 2/2
  1011 | D:2      | Found a white marble altar of Elyvilon.
  1197 | D:2      | Found a glowing silver altar of Zin.
  1272 | D:2      | Reached XP level 4. HP: 6/37 MP: 3/3
  1651 | D:2      | Reached XP level 5. HP: 36/42 MP: 4/4
  2692 | D:3      | Noticed Jessica
  2702 | D:3      | Killed Jessica
  3096 | D:3      | Found a shimmering blue altar of Sif Muna.
  3109 | D:3      | Reached XP level 6. HP: 21/50 MP: 5/5
  3712 | D:4      | Noticed a slave
  3713 | D:4      | Noticed Pikel
  3713 | D:4      | Noticed a slave
  3713 | D:4      | Noticed a slave
  3713 | D:4      | Noticed a slave
  3729 | D:4      | Killed Pikel
  3729 | D:4      | Reached skill level 10 in Staves
  3729 | D:4      | Reached XP level 7. HP: 20/56 MP: 6/6
  4115 | D:4      | Reached XP level 8. HP: 45/62 MP: 7/7
  4125 | D:4      | Noticed Natasha
  4147 | D:4      | Killed Natasha
  4433 | D:4      | Noticed Robin
  4449 | D:4      | Killed Robin
  4747 | D:5      | Entered Level 5 of the Dungeon
  5055 | D:5      | Found a shadowy altar of Dithmenos.
  5923 | D:6      | Got an ichor-stained leather armour
  5941 | D:6      | Identified the +2 leather armour of the Depths {rF- Str+4
                  | Int+3} (You found it on level 6 of the Dungeon)
  5984 | D:6      | Reached XP level 9. HP: 61/68 MP: 8/8
  6114 | D:6      | Found a staircase to the Ecumenical Temple.
  6120 | Temple   | Entered the Ecumenical Temple
  6150 | Temple   | Became a worshipper of Warmaster Okawaru
  6234 | D:6      | Reached skill level 3 in Fighting
  6522 | D:6      | Reached skill level 4 in Fighting
  6769 | D:7      | Reached * piety under Okawaru
  6891 | D:7      | Gained mutation: Your spells are a little harder to cast,
                  | but a little more powerful. [potion of mutation]
  6891 | D:7      | Gained mutation: Your flesh is heat resistant. (rF+)
                  | [potion of mutation]
  6891 | D:7      | Gained mutation: You have large cloven feet. [potion of
                  | mutation]
  6963 | D:7      | Reached skill level 5 in Dodging
  7025 | D:7      | Found a bloodstained altar of Trog.
  7034 | D:7      | Reached skill level 5 in Fighting
  7278 | D:7      | Found a glowing golden altar of the Shining One.
  7278 | D:7      | Found a hazy altar of Hepliaklqana.
  7279 | D:7      | Found a sacrificial altar of Ru.
  7501 | D:7      | Noticed Maggie
  7510 | D:7      | Killed Maggie
  7510 | D:7      | Reached skill level 6 in Fighting
  7728 | D:7      | Found an ornate altar of the Wu Jian Council.
  7880 | D:8      | Reached ** piety under Okawaru
  7883 | D:8      | Reached skill level 7 in Fighting
  7889 | D:8      | Reached XP level 10. HP: 52/84 MP: 9/9
  8267 | D:8      | Found Gozag's Platinum Reserve.
  8267 | D:8      | Found an opulent altar of Gozag.
  8921 | D:9      | Reached skill level 8 in Fighting
  9071 | D:9      | Reached *** piety under Okawaru
  9120 | D:9      | Reached skill level 9 in Fighting
  9462 | D:9      | Found a staircase to the Orcish Mines.
  9537 | D:9      | Reached **** piety under Okawaru
  9551 | D:9      | Reached skill level 10 in Fighting
  9917 | D:9      | Noticed a cyclops
  9929 | D:9      | Killed a cyclops
  9929 | D:9      | Reached skill level 10 in Dodging
  9929 | D:9      | Reached XP level 11. HP: 57/99 MP: 10/10
  9957 | D:9      | HP: 4/99 [something (7)]
  9961 | D:9      | Killed an unseen horror
 10303 | D:9      | Noticed a centaur warrior
 10303 | D:9      | Noticed an ogre mage
 10320 | D:9      | Killed a centaur warrior
 10320 | D:9      | Reached ***** piety under Okawaru
 10320 | D:9      | Reached skill level 11 in Fighting
 10324 | D:9      | Identified the Catalogue of Noxious Sinister Magic
 10336 | D:9      | Killed an ogre mage
 10492 | D:9      | Found a staircase to the Lair.
 10502 | Lair:1   | Entered Level 1 of the Lair of Beasts
 10585 | Lair:1   | Reached skill level 1 in Invocations
 10585 | Lair:1   | Reached skill level 1 in Evocations
 11050 | Lair:1   | Noticed a five-headed hydra
 11066 | Lair:1   | Killed a five-headed hydra
 11663 | Lair:2   | Found a hole to the Spider Nest.
 11833 | Lair:2   | Received a gift from Okawaru
 11848 | Lair:2   | Reached skill level 5 in Invocations
 11946 | Lair:2   | Noticed Nergalle
 11958 | Lair:2   | Killed Nergalle
 11962 | Lair:2   | Reached skill level 5 in Evocations
 12304 | Lair:3   | Reached XP level 12. HP: 110/110 MP: 15/15
 12363 | Lair:3   | Reached ****** piety under Okawaru
 12704 | Lair:3   | Noticed a seven-headed hydra
 12711 | Lair:3   | Killed a seven-headed hydra
 13063 | Lair:3   | Found a staircase to the Swamp.
 13161 | Lair:3   | Received a gift from Okawaru
 13382 | Lair:4   | Reached skill level 12 in Fighting
 13738 | Lair:4   | Noticed a fire dragon
 13748 | Lair:4   | Killed a fire dragon
 13748 | Lair:4   | Received a gift from Okawaru
 13748 | Lair:4   | Reached skill level 13 in Fighting
 13850 | Lair:4   | Noticed Kirke
 13866 | Lair:4   | Killed Kirke
 14013 | Lair:4   | You fall into a shaft and drop 2 floors!
 14013 | Lair:6   | Entered Level 6 of the Lair of Beasts
 14013 | Lair:6   | Found a staircase to the Slime Pits.
 14013 | Lair:6   | Noticed a death yak
 14013 | Lair:6   | Noticed a death yak
 14014 | Lair:6   | Noticed a death yak
 14015 | Lair:6   | Noticed a death yak
 14022 | Lair:6   | Killed a death yak
 14022 | Lair:6   | Reached XP level 13. HP: 116/122 MP: 17/17
 14234 | Lair:6   | Reached skill level 14 in Fighting
 14359 | Lair:5   | Found a runed translucent gate.
 14363 | Lair:5   | Found a runed translucent gate.
 14363 | Lair:5   | Found a runed translucent gate.
 14363 | Lair:5   | Noticed Memnif's ghost (journeyman GnFi)
 14364 | Lair:5   | Noticed Qoypruj's ghost (journeyman MiGl)
 15168 | Lair:5   | Received a gift from Okawaru
 15181 | Lair:5   | Noticed an entropy weaver
 15198 | Lair:5   | Noticed an entropy weaver
 15226 | Lair:4   | Killed an entropy weaver
 15576 | Lair:5   | Killed an entropy weaver
 15579 | Lair:5   | Reached skill level 15 in Fighting
 16475 | Lair:6   | Received a gift from Okawaru
 16475 | Lair:6   | Reached XP level 14. HP: 30/136 MP: 15/18
 16832 | Lair:6   | Reached skill level 16 in Fighting
 16832 | Lair:6   | Reached skill level 15 in Dodging
 17184 | Lair:6   | Found a large runed translucent door.
 17185 | Lair:6   | Found a large runed translucent door.
 17579 | Lair:5   | Killed Qoypruj's ghost
 17591 | Lair:5   | Killed Memnif's ghost
 18036 | D:9      | Found a roughly hewn altar of Beogh.
 18146 | Orc:1    | Entered Level 1 of the Orcish Mines
 18182 | Orc:1    | Noticed an orc warlord
 18183 | Orc:1    | Found a roughly hewn altar of Beogh.
 18202 | Orc:1    | Killed an orc warlord
 18320 | Orc:1    | Found a flagged portal.
 18338 | Bailey   | Entered a bailey
 18512 | Bailey   | Identified a scroll of acquirement
 18512 | Bailey   | Acquired a manual of Staves
 18815 | Orc:1    | Found Zuumoph's Book Shoppe.
 18882 | Orc:1    | Found Doafet's Antique Weapon Shoppe.
 18899 | Orc:1    | Found Obruol's Gadget Boutique.
 18987 | Orc:1    | Found Warpheqaga's Antique Armour Shop.
 19011 | Orc:1    | Bought a shiny ring mail for 224 gold pieces
 19414 | Orc:2    | Entered Level 2 of the Orcish Mines
 19414 | Orc:2    | Found Meuh's Weapon Boutique.
 19435 | Orc:2    | Received a gift from Okawaru
 19454 | Orc:2    | Found Buf Otoh's Mass Market.
 19456 | Orc:2    | Found a staircase to the Elven Halls.
 19471 | Orc:2    | Reached skill level 17 in Fighting
 19658 | Orc:2    | Found Impael's Assorted Antiques.
 19658 | Orc:2    | Found Abrayvik's General Store.
 19659 | Orc:2    | Found Ofetwa's Distillery.
 19662 | Orc:2    | Paralysed by an orc sorcerer for 3 turns
 19849 | Orc:2    | Found Butoed's General Store.
 19997 | Orc:2    | Bought a scroll of teleportation for 42 gold pieces
 19998 | Orc:2    | Bought a potion of haste for 260 gold pieces
 19998 | Orc:2    | Bought a glowing copper wand for 104 gold pieces
 20000 | Orc:2    | Bought a potion of resistance for 120 gold pieces
 20000 | Orc:2    | Bought a potion of curing for 36 gold pieces
 20000 | Orc:2    | Bought a potion of heal wounds for 60 gold pieces
 20000 | Orc:2    | Bought a potion of curing for 36 gold pieces
 20000 | Orc:2    | Bought a potion of heal wounds for 60 gold pieces
 20000 | Orc:2    | Bought a potion of curing for 36 gold pieces
 20000 | Orc:2    | Bought a potion of curing for 36 gold pieces
 20000 | Orc:2    | Bought a potion of flight for 36 gold pieces
 20096 | Orc:2    | Received a gift from Okawaru
 20460 | D:10     | Entered Level 10 of the Dungeon
 20520 | D:10     | Found Ygu Gum's Armour Shoppe.
 21170 | D:11     | Found a white marble altar of Elyvilon.
 21275 | D:11     | Found Uluup's Antique Armour Shoppe.
 21294 | D:11     | Bought a dazzling leather armour for 182 gold pieces
 21307 | D:10     | Identified the +3 leather armour "Vucieh" {Str+3} (You
                  | bought it in a shop on level 11 of the Dungeon)
 21545 | D:11     | Found an opulent altar of Gozag.
 22643 | D:12     | Received a gift from Okawaru
 22767 | D:12     | Reached XP level 15. HP: 149/149 MP: 19/19
 22771 | D:12     | Found Maabeupu's Antique Weapon Boutique.
 23337 | D:13     | Reached skill level 18 in Fighting
 24291 | D:14     | Found a snail-covered altar of Cheibriados.
 24730 | D:14     | Received a gift from Okawaru
 24731 | D:14     | Found the +8 orange crystal plate armour {Archmagi, Int+3
                  | Clar}
 24840 | D:14     | Found a gate to the Vaults.
 25193 | D:15     | Entered Level 15 of the Dungeon
 25544 | D:15     | Found a frozen archway.
 25555 | D:15     | Got a flickering glass ring
 25557 | D:15     | Identified the ring of Dithmenos's Esteem {rF+ EV+4 Str+4
                  | Int-4 SInv} (You found it on level 15 of the Dungeon)
 25598 | IceCv    | Entered an ice cave
 25599 | IceCv    | Found a transporter.
 25664 | IceCv    | Found a transporter.
 25882 | D:15     | Reached skill level 19 in Fighting
 25908 | D:15     | HP: 5/152 [skeletal warrior/+0 short sword (14)]
 25908 | D:15     | Mangled by a skeletal warrior

Illustrated notes

Levels and vault maps discovered:
D:1:      tarquinn_simple_flora_water_c, layout_basic
D:2:      layout_basic, overflow_temple_1_default, old_standard_altar,
          minmay_small_reverse_x
D:3:      layout_loops_ring, led_sif_book, uniq_jessica
D:4:      layout_basic, first_ration, uniq_pikel, uniq_natasha, uniq_robin
D:5:      layout_cave_pods, lemuel_doored_altar
D:6:      layout_cave_pools, minmay_temple_entry_hall, serial_rivers,
          chequers_serial_rivers_micro_b, chequers_serial_rivers_room_b,
          chequers_serial_rivers_micro_a, chequers_serial_rivers_large_a,
          minmay_tree_intersection, minmay_holes
D:7:      layout_loops_ring, nicolae_overflow_hidden_temple,
          gammafunk_temple_overflow_claw, basic_altar, uniq_maggie
D:8:      layout_cave_pods, nicolae_gozag_zags_fifth_avenue, grunt_ogre_cave,
          minmay_manual_mess
D:9:      minmay_shrinking_squares, layout_basic, erik_lair_island,
          minmay_orc_entry_temple_small, feat_on_display
D:10:     layout_stronghold, serial_shops,
          nicolae_shop_temple_entry_statues_fountains, grunt_decor_arrowhead
D:11:     layout_loops_corners, serial_shops, nicolae_shop_statue_plus,
          basic_altar, david_defended_altar_elf
D:12:     layout_grid_maze, serial_shops, shop_fountains
D:13:     layout_loops_cross
D:14:     layout_small_grid, david_vaults_4, basic_altar, minmay_misc_feat_rows,
          minmay_misc_feat_nine_boxes
D:15:     grunt_enter_depths_hoard, layout_cave_pools, gauntlet_entry_generic,
          portal_ice_cave_entry_ice_beasts, hangedman_abyss_or_decor_slice,
          patterned_corridor
Temple:   minmay_temple_bridge_abc
Lair:1:   layout_long_grid, serial_forest, infiniplex_forest_end_1,
          infiniplex_forest_clump_small, infiniplex_forest_zigzag_2,
          infiniplex_forest_pool, infiniplex_forest_clump_double,
          infiniplex_forest_clump_curved, roderic_batcave,
          grunt_forest_stairs_basic
Lair:2:   layout_loops_ring, dummy_spider_entry, special_room
          [special_room_bee], uniq_nergalle
Lair:3:   layout_roguey, minmay_swamp_entry_worms, beast_lair_carwin_1
Lair:4:   layout_loops_ring, bobbens_dragon_lair_wall, uniq_kirke
Lair:5:   layout_cave_pods, gammafunk_ghost_cemetery, zaba_antful_of_joy,
          grunt_megastairs_2, lemuel_fruit_fields
Lair:6:   cheibrodos_lair_end_hotspot, layout_misc_corridors,
          dpeg_slime_entry_corner, nicolae_quartered_pool_medium
Orc:1:    layout_caves, lightli_bailey_entry_fortress, serial_shops,
          nicolae_shop_stone, nicolae_shop_trees, nicolae_shop_statue_plus,
          shop_fountains, basic_altar
Orc:2:    st_orc_mages, layout_diamond_mine, serial_shops, shop_coins,
          minmay_shop_mass, nicolae_orc_tapped_out

Skill      XL: |  1  2  3  4  5  6  7  8  9 10 11 12 13 14 15 |
---------------+----------------------------------------------+-----
Staves         | 4 5 6 7 8 10 11 13 14 | 14.0
Fighting       | 7 10 11 13 15 17 19 | 19.0
Dodging        | 7 10 12 14 16 17 | 17.8
Invocations    | 6 |  6.8
Evocations     | 5 6 |  6.1
Throwing       | |  2.0

Action                   |  1- 3 |  4- 6 |  7- 9 | 10-12 | 13-15 || total
-------------------------+-------+-------+-------+-------+-------++-------
Melee: Quarterstaff      |    71 |   103 |   300 |   481 |       ||   955
       Headbutt          |    12 |    12 |    62 |   162 |   388 ||   636
       Lajatang          |       |       |       |   146 |  1327 ||  1473
Throw: Throwing net      |     1 |       |       |       |       ||     1
Invok: Heroism           |       |       |       |       |     5 ||     5
       Finesse           |       |       |       |       |     1 ||     1
Evoke: Wand              |       |       |       |     7 |     8 ||    15
  Use: Scroll            |     6 |     5 |     5 |     9 |    14 ||    39
       Potion            |     1 |     6 |     6 |     2 |     2 ||    17
 Stab: Sleeping          |       |       |     1 |     4 |     2 ||     7
       Distracted        |       |       |       |       |     1 ||     1
       Confused          |       |       |       |       |     4 ||     4
  Eat: Chunk             |     1 |     8 |    13 |    20 |    36 ||    78
       Ration            |       |       |       |       |     1 ||     1
Armor: Leather armour    |    16 |    19 |    55 |    53 |    19 ||   162
       Ring mail         |       |       |       |    82 |   192 ||   274
Dodge: Dodged            |    35 |    42 |   136 |   468 |  1409 ||  2090
